 Dungeon Crawl Stone Soup version 5.5-19-gbfab8aa (webtiles) character file.

32 shitraven the Poker (level 4, -1/33 HPs)
             Began as a Demonspawn Gladiator on Apr 22, 2018.
             Slain by a gnoll
             ... wielding a +0 halberd
              (2 damage)
             ... on level 2 of the Dungeon.
             The game lasted 00:03:53 (1619 turns).

shitraven the Poker (Demonspawn Gladiator)          Turns: 1619, Time: 00:03:54

Health: -1/33      AC:  3 (14%)Str: 16  XL:     4   Next: 7%
Magic:  6/6        EV: 12    Int: 10    God:
Gold:   75         SH:  0    Dex: 13    Spells: 5/5 levels left

rFire    . . .     SeeInvis .   a - +0 trident
rCold    . . .     Faith    .   (no shield)
rNeg     . . .     Spirit   .   b - +0 leather armour
rPois    .         Reflect  .   (helmet restricted)
rElec    .                      (no cloak)
rCorr    .                      (no gloves)
MR       +....                  (no boots)
Stlth    +.........             (no amulet)
Regen    0.2/turn               g - ring of protection from magic
MPRegen  0.2/turn               (no ring)

@: lethally poisoned (-1 -> -7)
A: horns 2, powered by death 1
a: no special abilities


You were on level 2 of the Dungeon.
You were not hungry.

You visited 1 branch of the dungeon, and saw 2 of its levels.

You collected 75 gold pieces.

Inventory:

Hand Weapons
 a - a +0 trident (weapon)
Missiles
 d - 173 poisoned darts (quivered)
 e - 3 curare darts
Armour
 b - a +0 leather armour (worn)
 c - a +0 helmet
Jewellery
 g - a ring of protection from magic (left hand)
Scrolls
 f - 3 scrolls of amnesia


   Skills:
 + Level 2.1 Fighting
 + Level 3.8 Polearms
 + Level 2.0 Throwing
 + Level 1.2 Armour
 + Level 2.8 Dodging
 + Level 0.4 Stealth


You had 5 spell levels left.
You didn't know any spells.

Dungeon Overview and Level Annotations

Branches:
Dungeon (2/15)

Altars:


Innate Abilities, Weirdness & Mutations

You have a pair of horns on your head.
You regenerate a little health from kills.


Message History

There is an open door here.
The gnoll barely misses you. The gnoll misses you. The adder bites you (4).
* * * LOW HITPOINT WARNING * * *
The gnoll barely misses you.
You barely miss the adder. The adder bites you (3).
* * * LOW HITPOINT WARNING * * *
The gnoll barely misses you.
You barely miss the adder. The adder bites you (1).
* * * LOW HITPOINT WARNING * * *
You are poisoned.
The adder poisons you! The adder bites you (4).
* * * LOW HITPOINT WARNING * * *
The gnoll completely misses you.
You hit the adder (2). You headbutt the adder (5).
The adder is heavily wounded.
The adder closely misses you.
The gnoll hits you from afar with a +0 halberd (2).
You die...

#########.........
#....'.........
####.####.........
###.........###..[.g
...'.........# #.####
####.........# #.#...
#.......).# #.#.##
#.........###+#... .
#@................ ...
#S................
.....###.g...............
.....'.'.................
.....###.................
... ##########........ .
#........ #........
#........


You could see a gnoll and an adder.

Vanquished Creatures
  3 gnolls (D:2)
  An adder (D:2)
  An ooze (D:2)
  A quokka (D:1)
  6 goblins
  5 hobgoblins
  2 bats (D:1)
  4 frilled lizards (D:1)
  5 kobolds
  3 rats
31 creatures vanquished.

Vanquished Creatures (others)
  A plant (D:1)
1 creature vanquished.

Grand Total: 32 creatures vanquished

Notes
Turn   | Place    | Note
-------+----------+-------------------------------------------
     0 | D:1      | shitraven the Demonspawn Gladiator began the quest for the Orb.
     0 | D:1      | Reached XP level 1. HP: 16/16 MP: 2/2
   156 | D:1      | Reached skill level 3 in Polearms
   158 | D:1      | Gained mutation: You regenerate a little health from kills. [demonic ancestry]
   158 | D:1      | Reached XP level 2. HP: 9/22 MP: 3/3
   943 | D:2      | Gained mutation: You have a pair of small horns on your head. [demonic ancestry]
   943 | D:2      | Reached XP level 3. HP: 17/27 MP: 5/5
  1278 | D:2      | Reached skill level 1 in Armour
  1599 | D:2      | Gained mutation: You have a pair of horns on your head. [demonic ancestry]
  1599 | D:2      | Reached XP level 4. HP: 17/33 MP: 6/6
  1618 | D:2      | HP: 1/33 [adder (4)]
  1619 | D:2      | Slain by a gnoll

Skill      XL: |  1  2  3 |
---------------+----------+-----
Throwing       | 2 |  2.0
Polearms       | 3 |  3.8
Armour         | 1 |  1.2
Fighting       | |  2.1
Dodging        | |  2.8
Stealth        | |  0.4

Action                   |  1- 3 |  4- 6 || total
-------------------------+-------+-------++-------
Melee: Trident           |   100 |    10 ||   110
       Headbutt          |     4 |     3 ||     7
  Use: Potion            |     1 |       ||     1
 Stab: Sleeping          |     1 |       ||     1
Armor: Leather armour    |    14 |     3 ||    17
Dodge: Dodged            |    52 |     9 ||    61
